Map: Orbital Shipyard

Players

Megabearcub - Winner!

  • Race: Zerg Zerg
  • League: Silver

SticklerMac

  • Race: Terran Terran
  • League: Bronze

VOD

Have the link to the VOD?

Description

Time

  • Played on: July 28, 2015, 9:39 p.m.
  • Length: 8:45
Show
View Real Time Build Order
Export as new Build Order

Megabearcub Zerg - Winner!

Build Orders: Pool First 

Get SALT Encoding   

  12  0:01  Drone  
  13  0:12  Overlord  
  14  0:21  Drone  
  14  0:30  Drone  
  14  0:31  Drone  
  14  0:35  Drone  
  17  0:46  Drone  
  17  0:49  Spawning Pool  
  17  0:56  Drone  
  18  1:13  Hatchery  
  17  1:19  Drone, Extractor  
  17  1:20  Drone  
  18  1:28  Overlord  
  18  1:36  Queen  
  20  1:41  Zergling x2  
  21  1:50  Drone  
  22  2:01  Drone  
  23  2:13  Queen  
  25  2:21  Metabolic Boost  
  25  2:23  Overlord, Zergling x2  
  26  2:37  Queen  
  26  2:39  Drone x2  
  26  2:40  Drone  
  31  2:47  Drone  
  31  2:48  Drone x4  
  31  2:49  Zergling x2  
  37  2:58  Overlord  
  37  2:59  Drone  
  35  3:36  Zergling x10  
  40  3:48  Drone x4  
  41  3:51  Extractor  
  41  3:52  Extractor  
  41  3:53  Roach Warren  
  40  4:15  Extractor  
  40  4:17  Drone x3  
  40  4:19  Drone x3  
  40  4:20  Hatchery  
  40  4:21  Drone x3  
  47  4:26  Drone x3  
  47  4:28  Overlord x2  
  50  4:36  Lair, Evolution Chamber  
  49  4:38  Evolution Chamber  
  49  4:43  Zergling x4  
  49  4:44  Zergling x4  
  52  4:46  Overlord  
  52  4:59  Drone x3  
  55  5:04  Zerg Missile Weapons Level 1, Zerg Ground Armor Level 1  
  55  5:06  Drone x2  
  56  5:12  Zergling x8  
  56  5:25  Zergling x10  
  57  5:39  Roach x5  
  60  5:58  Hatchery  
  60  6:00  Roach x2  
  60  6:01  Roach x2  
  63  6:16  Roach  
  63  6:17  Roach  
  67  6:22  Overlord x2  
  67  6:26  Queen  
  67  6:29  Hatchery, Roach  
  68  6:44  Hydralisk Den, Glial Reconstitution  
  69  6:47  Roach x5  
  69  6:48  Roach x2  
  79  6:56  Roach  
  79  6:57  Roach  
  79  7:09  Roach x2  
  79  7:11  Roach x2  
  79  7:12  Overlord x3, Roach  
  89  7:30  Muscular Augments, Queen  
  89  7:31  Hydralisk x2  
  89  7:33  Zergling x2  
  96  7:38  Overseer  
  96  7:46  Hydralisk x3  
  102  8:11  Hydralisk  
  102  8:12  Hydralisk x6  
  108  8:13  Hydralisk  
Show
View Real Time Build Order
Export as new Build Order

SticklerMac Terran 

Build Orders:  

Get SALT Encoding   

  12  0:01  SCV  
  13  0:13  Supply Depot  
  13  0:17  SCV  
  14  0:29  Refinery  
  14  0:30  SCV  
  15  0:43  Barracks  
  15  0:47  SCV  
  16  0:59  SCV  
  17  1:08  Barracks  
  17  1:11  SCV  
  18  1:18  Supply Depot  
  18  1:25  SCV  
  19  1:30  Reaper  
  20  1:46  Barracks  
  20  1:47  SCV  
  21  1:55  Reaper  
  22  2:02  Reaper  
  22  2:07  Barracks  
  23  2:27  Reaper  
  24  2:34  Marine  
  25  2:41  Reaper  
  26  2:46  Barracks  
  26  2:52  Barracks  
  26  2:54  Barracks  
  26  2:59  Marine  
  26  3:00  Marine  
  26  3:01  Marine  
  27  3:45  Marine  
  27  3:46  Marine x3  
  31  4:00  Marine  
  31  4:01  Marine  
  31  4:02  Marine  
  31  4:05  Marine  
  31  4:41  Supply Depot  
  31  4:49  Supply Depot  
  31  5:02  Marine x7  
  38  5:20  Marine x7  
  44  5:34  Supply Depot  
  44  5:36  Supply Depot  
  44  5:38  Marine x3  
  47  5:47  Marine  
  47  5:48  Marine x3  
  46  5:56  Marine x3  
  44  6:05  Marine  
  44  6:06  Marine x3  
  46  6:14  Marine x3  
  44  6:23  Marine x3  
  44  6:24  Marine  
  48  6:31  Marine x3  
  47  6:40  Marine  
  47  6:41  Marine x2  
  47  6:42  Marine  
  51  6:49  Marine x3  
  51  6:58  Marine  
  51  6:59  Marine  
  36  7:16  Marine x5  
  36  7:17  Marine x2  
  43  7:34  Marine x5  
  48  7:37  Marine x2  
  47  7:52  Marine x3  
  50  7:59  Marine x2  
  50  8:00  Marine  
  53  8:07  Marine  
  53  8:09  Marine  
  54  8:21  Marine x3  
Tags
 
Add a new tag
Caveats
  • Supply blocks, unpowered buildings, or Contaminate may cause inaccurate times.
  • Supply counts are checked every 10 seconds.